 Dungeon Crawl Stone Soup version 0.30-a0-860-g512cf1e979 (webtiles) character file.

Game seed: 4794519441624465650

557 lunkers the Basher (level 7, -7/61 HPs)
             Began as a Meteoran Reaver on Mar 8, 2023.
             Was a Believer of Jiyva.
             Mangled by an ogre
             ... wielding a +0 giant club
              (20 damage)
             ... on level 4 of the Dungeon.
             The game lasted 00:02:51 (1671 turns).

lunkers the Basher (Meteoran Reaver)                Turns: 1671, Time: 00:02:51

Health: -7/61      AC: 11    Str: 14    XL:     7   Next: 87%
Magic:  10/12      EV: 11    Int: 13    God:    Jiyva [**....]
Gold:   86         SH:  0    Dex: 20    Spells: 10/11 levels left

rFire   . . .      SeeInvis .    a - +0 mace
rCold   . . .      Faith    .    (no shield)
rNeg    . . .      Spirit   .    i - +0 ring mail
rPois   .          Reflect  .    n - +0 helmet
rElec   .          Rampage  .    (no cloak)
rCorr   +                        e - +0 pair of gloves {infuse}
Will    .....                    (no boots)
Stlth   +                        (no amulet)
HPRegen 1.26/turn                o - +4 ring of protection
MPRegen 0.43/turn                (no ring)

@: glowing
A: sense surroundings 1, otherworldly, glowing, explore regen, agile 2, robust
1, jelly absorbing missiles
a: Renounce Religion


You were on level 4 of the Dungeon.
You worshipped Jiyva.
Jiyva was pleased with you.
You visited 1 branch of the dungeon, and saw 4 of its levels.

You collected 86 gold pieces.

Inventory:

Hand Weapons
 a - a +0 mace (weapon)
Armour
 e - a +0 pair of gloves of infusion (worn)
 i - a +0 ring mail (worn)
 n - a +0 helmet (worn)
Jewellery
 o - a +4 ring of protection (left hand)
Scrolls
 c - a scroll of amnesia {unknown}
 f - 4 scrolls of identify {unknown}
 g - a scroll of torment {unknown}
 j - a scroll of magic mapping {unknown}
 k - a scroll of teleportation {unknown}
 l - 3 scrolls of enchant weapon {unknown}
Potions
 b - a potion of invisibility {unknown}
 d - a potion of curing {unknown}
 h - a potion of mutation {unknown}
 m - a potion of brilliance {unknown}


   Skills:
 + Level 2.7 Fighting
 * Level 10.3 Maces & Flails
 + Level 1.3 Armour
 - Level 2.4 Dodging
 - Level 2.6 Spellcasting
 - Level 3.6 Conjurations


You had 10 spell levels left.
You knew the following spells:

 Your Spells              Type           Power      Damage    Failure   Level
p - Kiss of Death         Conj/Necr      24%        2d7       24%         1

Your spell library contained the following spells:

 Spells                   Type           Power      Damage    Failure   Level
 Momentum Strike          Conj/Tloc      12%        3d8       34%         2
 Slow                     Hex            4%         N/A       43%         1
 Hailstorm                Conj/Ice       6%         3d4       56%         3
 Confusing Touch          Hex            1%         N/A       82%         3
 Vampiric Draining        Necr           1%         2d6       82%         3


Dungeon Overview and Level Annotations

Branches:
Dungeon (4/15) Zot: 720
 Temple: D:4-7

Altars:
Dithmenos
Gozag
Kikubaaqudgha
Yredelemnul
Jiyva


Innate Abilities, Weirdness & Mutations

You passively map a small area around you.
You are easily found by Zot.
You glow in the dark.
You regain HP and MP as you explore.
You are very agile. (Dex +8, Str/Int -2)
You are robust. (+10% HP)
You have a small jelly attached to you that may absorb projectiles.


Message History

The ice beast is almost dead.
The ice beast hits you but does no damage.
You barely miss the ice beast.
The ice beast is almost dead.
The ice beast hits you but does no damage.
You hit the ice beast.
The ice beast is almost dead.
The ice beast hits you but does no damage.
You barely miss the ice beast.
The ice beast is almost dead.
The ice beast barely misses you.
You sock the ice beast!
You kill the ice beast!
No target in view!
You hear a distant slurping noise.
Jiyva gurgles merrily.
You swap places.
You hear a distant slurping noise.
You hear a distant slurping noise.
You hear a distant slurping noise.
You hear a distant slurping noise.
You hear a distant slurping noise.
An ogre comes into view. It is wielding a +0 giant club.
You hear a distant slurping noise. x2
You sock the ogre!
The ogre is moderately wounded.
The ogre hits you with a +0 giant club!!
You hit the ogre.
The ogre is heavily wounded.
You hit the ogre.
The ogre is heavily wounded.
The ogre hits you with a +0 giant club!!
Ouch! That really hurt!
* * * LOW HITPOINT WARNING * * *
You thump the ogre!
The ogre is almost dead.
You closely miss the ogre.
The ogre is almost dead.
The ogre hits you with a +0 giant club!!
You die...

##..#
#........#
#..#
######.#.#
#...* #.#.#
##.. ***#
###.#..# ,
... ..###.#
,
.....#.#..#
*
*#....#.##
, #.###...#
* #..O@...#
,, *
#.###...# *
##### ,,
,** * * *
,, , ,


You could see an ogre.

Vanquished Creatures
  Eustachio (D:4)
  A steam dragon (D:4)
  An ice beast (D:4)
  A black bear (D:4)
  An ogre (D:4)
  An iguana (D:4)
  Robin (D:3)
  4 adders
  2 worms (D:3)
  A dart slug (D:3)
  2 orcs (D:4)
  A giant cockroach (D:1)
  12 goblins
  6 hobgoblins
  2 quokkas
  2 ball pythons
  A bat (D:3)
  A frilled lizard (D:3)
  3 kobolds
  3 rats
47 creatures vanquished.

Vanquished Creatures (others)
  A kobold brigand (D:4)
  5 jellies
  2 hounds
  A sleepcap (D:4)
  3 adders
  A worm (D:2)
  An endoplasm (D:4)
  5 orcs (D:4)
  2 giant cockroaches
  3 goblins
  3 hobgoblins
  3 jackals (D:4)
  2 kobolds
  A ball python (D:1)
  A frilled lizard (D:2)
  2 rats
36 creatures vanquished.

Grand Total: 83 creatures vanquished

Notes
Turn   | Place    | Note
-------+----------+-------------------------------------------
     0 | D:1      | lunkers the Meteoran Reaver began the quest for the Orb.
     0 | D:1      | Reached XP level 1. HP: 17/17 MP: 5/5
    89 | D:1      | Found a faded altar of an unknown god.
   141 | D:1      | Prayed at the altar of an unknown god.
   141 | D:1      | Became a worshipper of Jiyva Jyodwyb the Shapeless
   141 | D:1      | Reached * piety under Jiyva
   172 | D:1      | Reached XP level 2. HP: 17/24 MP: 4/6
   338 | D:1      | Reached skill level 5 in Maces & Flails
   501 | D:2      | Reached XP level 3. HP: 28/29 MP: 6/8
   578 | D:2      | Reached ** piety under Jiyva
   675 | D:2      | Reached skill level 6 in Maces & Flails
   675 | D:2      | Reached XP level 4. HP: 24/36 MP: 7/9
   918 | D:3      | Found a basalt altar of Yredelemnul.
  1076 | D:3      | Found an ancient bone altar of Kikubaaqudgha.
  1111 | D:3      | Found a shadowy altar of Dithmenos.
  1241 | D:3      | Noticed Robin
  1252 | D:3      | Killed Robin
  1253 | D:3      | Reached XP level 5. HP: 41/41 MP: 6/10
  1288 | D:3      | Found an opulent altar of Gozag.
  1426 | D:3      | Reached *** piety under Jiyva
  1437 | D:4      | Noticed an ogre
  1437 | D:4      | Gained mutation: You have a small jelly attached to you
                  | that may absorb projectiles. [Jiyva's grace]
  1437 | D:4      | Gained mutation: You are agile. (Dex +4, Str/Int -1)
                  | [Jiyva's grace]
  1437 | D:4      | Gained mutation: You are very agile. (Dex +8, Str/Int -2)
                  | [Jiyva's grace]
  1437 | D:4      | Gained mutation: You are robust. (+10% HP) [Jiyva's grace]
  1441 | D:4      | Noticed Eustachio
  1443 | D:4      | Killed an ogre
  1444 | D:4      | Reached skill level 8 in Maces & Flails
  1444 | D:4      | Reached XP level 6. HP: 52/52 MP: 7/11
  1448 | D:4      | Killed Eustachio
  1449 | D:4      | Reached skill level 9 in Maces & Flails
  1449 | D:4      | Reached XP level 7. HP: 60/60 MP: 8/12
  1475 | D:4      | Reached skill level 10 in Maces & Flails
  1562 | D:4      | Noticed a steam dragon
  1575 | D:4      | Killed a steam dragon
  1576 | D:4      | Reached skill level 1 in Armour
  1671 | D:4      | Mangled by an ogre

Illustrated notes

Levels and vault maps discovered:
D:1:      dpeg_arrival_court, layout_loops_ring,
          ebering_ecumenical_altar_petrified, nicolae_titane
D:2:      layout_loops_ring, kennysheep_generic_room_10
D:3:      layout_loops_ring, general_overflow_altar,
          mainiacjoe_overflow_two_lobes, amcnicky_altar_gilded, uniq_robin
D:4:      layout_loops_ring, mainiacjoe_overflow_alcove_2, uniq_eustachio

Skill      XL: |  1  2  3  4  5  6  7 |
---------------+----------------------+-----
Maces & Flails | 5 6 8 9 10 | 10.3
Armour         | 1 |  1.3
Fighting       | |  2.7
Dodging        | |  2.4
Spellcasting   | |  2.6
Conjurations   | |  3.6

Action                     |  1- 3 |  4- 6 |  7- 9 || total
---------------------------+-------+-------+-------++-------
  Melee: Mace              |    48 |    64 |    35 ||   147
         Punch             |     1 |       |     1 ||     2
 Invoke: Oozemancy         |       |     1 |       ||     1
 Armour: Leather armour    |     5 |       |       ||     5
         Ring mail         |     5 |    32 |    14 ||    51
  Dodge: Dodged            |    32 |    23 |    13 ||    68

Table legend: (Time is in decaauts)
 A = Elapsed time spent in this place.
 B = Non-inter-level travel time spent in this place.
 C = Inter-level travel time spent in this place.
 D = Time resting spent in this place.
 E = Time spent auto-exploring this place.
 F = Levels seen in this place.
 G = Mean time per level.
                   A        B        C        D        E       F      G
               +--------+--------+--------+--------+--------+-----+--------+
         Total |   1678 |   1597 |     81 |      0 |   1229 |   4 |  419.5 |
       Dungeon |   1678 |   1597 |     81 |      0 |   1229 |   4 |  419.5 |
               +--------+--------+--------+--------+--------+-----+--------+

Top non-repeatable levels by time:
     D:3: 551 daAuts
     D:1: 492 daAuts
     D:2: 404 daAuts
     D:4: 230 daAuts
